 Dungeon Crawl Stone Soup version 0.19-a0-1007-g133f65f (webtiles) character file.

63 mistymad the Insei (level 4, 0/28 HPs)
             Began as an Octopode Transmuter on July 19, 2016.
             Slain by mistymad's ghost (4 damage)
             ... on level 3 of the Dungeon.
             The game lasted 00:07:09 (2529 turns).

mistymad the Insei (Octopode Transmuter)            Turns: 2529, Time: 00:07:10

Health: 0/28       AC:  1    Str:  9    XL:     4   Next: 9%
Magic:  6/8        EV:  7    Int: 16    God:
Gold:   100        SH:  0    Dex: 12    Spells: 3 memorised, 2 levels left

rFire  . . .     SeeInvis .       - Unarmed
rCold  . . .     Gourm    .     (no shield)
rNeg   . . .     Faith    .     (helmet restricted)
rPois  .         Spirit   .     (no amulet)
rElec  .         Dismiss  .     (no ring)
rCorr  .         Reflect  .     (no ring)
SustAt .         Harm     .     (no ring)
MR     .....                    (no ring)
Stlth  ++........               (no ring)
                                (no ring)
                                (no ring)
                                (no ring)

@: not resistant to hostile enchantments, unstealthy
A: almost no armour, amphibious, 8 rings, constrict 8, camouflage 1, gelatinous
body 1
a: no special abilities


You were on level 3 of the Dungeon.
You were not hungry.

You visited 1 branch of the dungeon, and saw 3 of its levels.

You collected 100 gold pieces.

Inventory:

Missiles
 a - 34 arrows
Scrolls
 e - 4 scrolls of identify {unknown}
 f - 2 scrolls of magic mapping {unknown}
 j - a scroll of recharging {unknown}
 m - a scroll of teleportation {unknown}
 o - 3 scrolls of immolation {unknown}
Potions
 d - a potion of resistance {unknown}
 g - a potion of haste {unknown}
 h - a potion of invisibility {unknown}
 k - a potion of curing {unknown}
 l - 2 potions of cancellation {unknown}
 n - a potion of mutation {unknown}
Books
 b - a book of Changes

   Spells                             Type                      Level
   a - Beastly Appendage              Transmutation                1
   b - Sticks to Snakes               Transmutation                2
   c - Spider Form                    Transmutation/Poison         3
   d - Ice Form                       Ice/Transmutation            4
   e - Blade Hands                    Transmutation                5
Comestibles
 c - a bread ration
 i - a royal jelly
 p - 3 chunks of flesh


   Skills:
 - Level 1.0 Fighting
 - Level 2.0 Dodging
 + Level 3.6 Unarmed Combat
 + Level 2.7 Spellcasting
 + Level 2.9 Transmutations


You had 2 spell levels left.
You knew the following spells:

 Your Spells              Type           Power        Failure   Level  Hunger
a - Beastly Appendage     Tmut           ##....       8%          1    #......
b - Sticks to Snakes      Tmut           ##......     10%         2    ##.....
c - Spider Form           Tmut/Pois      #.........   34%         3    ###....


Dungeon Overview and Level Annotations

Branches:
Dungeon (3/15)

Altars:

Annotations:
D:2 Sigmund
D:3 mistymad's ghost, amateur OpTm


Innate Abilities, Weirdness & Mutations

You cannot wear most types of armour.
You are amphibious.
You can wear up to eight rings at the same time.
You can use your tentacles to constrict eight enemies at once.
Your skin changes colour to match your surroundings (Stealth+).
Your rubbery body absorbs attacks. (AC +1)


Message History

Mistymad's ghost closely misses you.
Unknown command.
You bite mistymad's ghost!
Mistymad's ghost is heavily damaged.
Mistymad's ghost hits you.
You take 2 damage, and have 11/28 hp.
You hit mistymad's ghost.
Mistymad's ghost is heavily damaged.
Mistymad's ghost hits you.
You take 1 damage, and have 10/28 hp.
You hit mistymad's ghost.
Mistymad's ghost is severely damaged.
Mistymad's ghost hits you!
* * * LOW HITPOINT WARNING * * *
You take 7 damage, and have 3/28 hp.
MASSIVE DAMAGE!!
You see here a bat corpse.
There is a stone staircase leading up here.
Your transformation has ended.
Mistymad's ghost hits you.
You die...

#......÷.#####.#
#.#######.####.......#
#.........# #########
#########.### #...##
##...# #...# #...#
#.@.# #.#
#..W#####.....
#...†.........
#...####..##..
........ ..# ###...###
... ##.## ##. #. #.


You could see mistymad's ghost.

Vanquished Creatures
  An adder (D:2)
  2 dart slugs (D:1)
  3 giant cockroaches
  5 hobgoblins
  4 jackals
  8 kobolds
  A quokka (D:2)
  2 ball pythons
  5 bats
  3 giant newts (D:1)
  6 goblins
  10 rats
50 creatures vanquished.

Notes
Turn   | Place    | Note
-------+----------+-------------------------------------------
     0 | D:1      | mistymad the Octopode Transmuter began the quest for the Orb.
     0 | D:1      | Reached XP level 1. HP: 13/13 MP: 3/3
   488 | D:1      | Reached XP level 2. HP: 18/18 MP: 3/5
   816 | D:1      | Reached XP level 3. HP: 22/23 MP: 4/6
  1335 | D:2      | Learned a level 2 spell: Sticks to Snakes
  1339 | D:2      | Learned a level 3 spell: Spider Form
  1412 | D:2      | HP: 1/23 [poisoned by an adder]
  2201 | D:2      | Noticed Sigmund
  2245 | D:2      | Reached XP level 4. HP: 28/28 MP: 8/8
  2511 | D:3      | Noticed mistymad's ghost (amateur OpTm)
  2529 | D:3      | Slain by mistymad's ghost

Vault maps used:
D:1:      lemuel_arrival_hallway, minmay_misc_feat_encased,
          minmay_three_crescents
D:2:      uniq_sigmund
D:3:      grunt_temple_overflow_cloverleaf, first_bread, fedhas_altar_2

Action                   |  1- 3 |  4- 6 || total
-------------------------+-------+-------++-------
Melee: Unarmed           |   104 |    19 ||   123
       Constrict         |    25 |     4 ||    29
       Tentacles         |    16 |     3 ||    19
       Kick              |     9 |     2 ||    11
       Punch             |     3 |       ||     3
 Cast: Beastly Appendage |     7 |     2 ||     9
       Spider Form       |     1 |     1 ||     2
 Stab: Sleeping          |     9 |       ||     9
  Eat: Chunk             |     4 |     1 ||     5
Armor: Skin              |     9 |       ||     9
Dodge: Dodged            |    74 |    15 ||    89
